 Dungeon Crawl Stone Soup version 0.18.1-8-gdd0e5ea (webtiles) character file.

86 mopl the Gusty (level 4, -2/30 HPs)
             Began as a Demonspawn Air Elementalist on May 23, 2016.
             Slain by a killer bee (8 damage)
             ... on level 3 of the Dungeon.
             The game lasted 00:03:52 (1796 turns).

mopl the Gusty (Demonspawn Air Elementalist)        Turns: 1796, Time: 00:03:53

Health: -2/30      AC:  5    Str:  8    XL:     4   Next: 27%
Magic:  1/7        EV: 12    Int: 20    God:
Gold:   122        SH:  0    Dex: 13    Spells: 3 memorised, 2 levels left

rFire  + . .     SeeInvis .     u - +3 dagger
rCold  . . .     Gourm    .     a - +0 robe
rNeg   . . .     Faith    .     (no shield)
rPois  .         Spirit   .     m - +2 hat
rElec  .         Dismiss  .     (no cloak)
rCorr  .         Reflect  .     (no gloves)
SustAt .         Harm     .     (no boots)
MR     .....                    (no amulet)
Stlth  ++........               (no ring)
                                i - +2 ring of intelligence

@: lethally poisoned (-2 -> -9), repel missiles, not resistant to hostile
enchantments, unstealthy
A: claws 1, icy blue scales 1, fire resistance 1
a: no special abilities


You were on level 3 of the Dungeon.
You were not hungry.

You visited 1 branch of the dungeon, and saw 3 of its levels.

You collected 122 gold pieces.

Inventory:

Hand Weapons
 q - a +0 whip
 u - a +3 dagger (weapon)
Armour
 a - a +0 robe (worn)
 m - a +2 hat (worn)
 v - a +0 buckler
Jewellery
 i - a +2 ring of intelligence (left claw)
Scrolls
 d - a scroll of magic mapping {unknown}
 f - 3 scrolls of identify {unknown}
 j - a scroll of teleportation {unknown}
 l - a scroll of noise {unknown}
 o - 2 scrolls of amnesia {unknown}
 p - a scroll of recharging {unknown}
 r - a scroll of blinking {unknown}
 s - a scroll of random uselessness {unknown}
 w - a scroll of enchant armour {unknown}
 x - a scroll of remove curse {unknown}
Potions
 e - 2 potions of lignification {unknown}
 g - 2 potions of heal wounds {unknown}
 h - a potion of brilliance {unknown}
 n - 2 potions of might {unknown}
 t - a potion of mutation {unknown}
Books
 b - a book of Air

   Spells                             Type                      Level
   a - Shock                          Conjuration/Air              1
   b - Swiftness                      Charms/Air                   2
   c - Repel Missiles                 Charms/Air                   2
   d - Static Discharge               Conjuration/Air              3
   e - Lightning Bolt                 Conjuration/Air              5
Comestibles
 c - a bread ration
 k - a meat ration
 z - 2 chunks of flesh


   Skills:
 - Level 1.7 Dodging
 - Level 1.7 Stealth
 + Level 2.5 Spellcasting
 + Level 2.1 Conjurations
 * Level 3.9 Air Magic


You had 2 spell levels left.
You knew the following spells:

 Your Spells              Type           Power        Failure   Level  Hunger
a - Shock                 Conj/Air       ##..         4%          1    None
b - Static Discharge      Conj/Air       ##......     14%         3    ###....
i - Repel Missiles        Chrm/Air       ##....       12%         2    ##.....


Dungeon Overview and Level Annotations

Branches:
Dungeon (3/15)

Altars:
Qazlal
Sif Muna


Innate Abilities, Weirdness & Mutations

You have sharp fingernails.
You are partially covered in icy blue scales (AC +1).
Your flesh is heat resistant.


Message History

Unknown command.
Casting: Static Discharge
Confirm with . or Enter, or press ? or * to list all spells.
Aiming: Shock
Press: ? - help, Shift-Dir - straight line The zap hits the killer bee.
The killer bee is heavily wounded.
The zap misses the killer bee.
You feel sick. The killer bee stings you!
* * * LOW HITPOINT WARNING * * *
The killer bee misses you.
Unknown command.
Casting: Shock
Confirm with . or Enter, or press ? or * to list all spells.
Aiming: Shock
Press: ? - help, Shift-Dir - straight line, f - killer bee
Aim: a killer bee (heavily wounded)
The zap misses the killer bee.
* * * LOW HITPOINT WARNING * * *
You feel sick. The killer bee closely misses you. The killer bee stings you!
You die...

####
...####
..#.. #
#.#.#
....##.#@#
#...5y.#
####.###
... #....
#...$
#....
#...?
#....


You could see a killer bee and a crimson imp.

Vanquished Creatures
  Jessica (D:2)
  An adder (D:2)
  5 dart slugs
  A giant gecko (D:2)
  3 bats
  4 giant cockroaches
  7 hobgoblins
  A quokka (D:2)
  4 giant newts (D:2)
  2 goblins
  5 kobolds
  6 rats
40 creatures vanquished.

Notes
Turn   | Place    | Note
--------------------------------------------------------------
     0 | D:1      | mopl the Demonspawn Air Elementalist began the quest for the Orb.
     0 | D:1      | Reached XP level 1. HP: 13/13 MP: 3/3
   335 | D:1      | Reached skill level 3 in Air Magic
   424 | D:1      | Gained mutation: You are partially covered in icy blue scales (AC +1). [demonic ancestry]
   424 | D:1      | Reached XP level 2. HP: 19/19 MP: 3/5
   513 | D:1      | Learned a level 2 spell: Repel Missiles
   960 | D:1      | Found a stormy altar of Qazlal.
  1071 | D:2      | Noticed Jessica
  1075 | D:2      | Killed Jessica
  1075 | D:2      | Gained mutation: You have sharp fingernails. [demonic ancestry]
  1075 | D:2      | Reached XP level 3. HP: 22/24 MP: 3/6
  1105 | D:2      | Reached skill level 2 in Conjurations
  1126 | D:2      | Learned a level 3 spell: Static Discharge
  1364 | D:2      | Gained mutation: Your flesh is heat resistant. [demonic ancestry]
  1364 | D:2      | Reached XP level 4. HP: 30/30 MP: 7/7
  1621 | D:2      | Found a deep blue altar of Sif Muna.
  1796 | D:3      | Slain by a killer bee

Skill      XL: |  1  2  3 |
---------------+----------+-----
Air Magic      | 3 |  3.9
Conjurations   | 2 |  2.1
Dodging        | |  1.7
Stealth        | |  1.7
Spellcasting   | |  2.5

Action                   |  1- 3 |  4- 6 || total
-------------------------+-------+-------++-------
Melee: Unarmed           |     7 |       ||     7
       Whip              |    16 |       ||    16
       Dagger            |    20 |    47 ||    67
 Cast: Shock             |    40 |     4 ||    44
       Repel Missiles    |     1 |       ||     1
       Static Discharge  |       |     1 ||     1
 Stab: Sleeping          |     1 |     1 ||     2
  Eat: Chunk             |     2 |     1 ||     3
Armor: Robe              |    20 |    17 ||    37
Dodge: Dodged            |    57 |    37 ||    94
